 Dungeon Crawl Stone Soup version 0.31.0-11-ge490571c62 (webtiles) character file.

Game seed: 16394883725201407809

38 stipulation the Grave Robber (level 3, -8/16 HPs)
             Began as a Vine Stalker Necromancer on Jan 29, 2024.
             Killed by divine providence
             ... invoked by an orc priest
              (13 damage)
             ... on level 3 of the Dungeon.
             The game lasted 00:02:45 (2874 turns).

stipulation the Grave Robber (VSNe)                 Turns: 2874, Time: 00:02:45

Health: -8/16      AC:  3    Str: 10    XL:     3   Next: 43%
Magic:  0/8        EV: 12    Int: 17    God:
Gold:   169        SH:  0    Dex: 14    Spells: 7/8 levels left

rFire   . . .        l - +0 dagger
rCold   . . .        (no shield)
rNeg    . . .        a - +0 robe
rPois   .            (no helmet)
rElec   .            (no cloak)
rCorr   .            o - +0 pair of gloves
SInv    .            (no boots)
Will    .....        (no amulet)
Stlth   ++           (no ring)
HPRegen 1.02/turn    (no ring)
MPRegen 0.11/turn

%: guardian spirit
@: no status effects
A: fangs 2, regeneration 1, magic shield, antimagic bite, no potion heal 2
a: no special abilities


You were on level 3 of the Dungeon.
You visited 1 branch of the dungeon, and saw 3 of its levels.

You collected 169 gold pieces.

Inventory:

Hand Weapons
 l - a +0 dagger (weapon)
Missiles
 h - 16 stones
Armour
 a - a +0 robe (worn)
 o - a +0 pair of gloves (worn)
Scrolls
 c - a scroll of summoning {unknown}
 d - 2 scrolls of teleportation {unknown}
 e - a scroll of brand weapon {unknown}
 g - 4 scrolls of acquirement {unknown}
 k - 2 scrolls of identify {unknown}
 p - a scroll of poison {unknown}
Potions
 f - a potion of attraction {unknown}
 i - a potion of enlightenment {unknown}
 j - a potion of brilliance {unknown}
 m - a potion of curing {unknown}
 n - 2 potions of degeneration {unknown}
 q - a potion of resistance {unknown}
 r - a potion of mutation {unknown}


   Skills:
 - Level 1.5 Dodging
 - Level 2.4 Stealth
 + Level 3.1 Spellcasting
 + Level 4.6 Necromancy


You had 7 spell levels left.
You knew the following spells:

 Your Spells              Type           Power      Damage    Failure   Level
a - Necrotise             Necr           72%        1d7       2%          1

Your spell library contained the following spells:

 Spells                   Type           Power      Damage    Failure   Level
 Vampiric Draining        Necr           18%        2d7       8%          3
 Animate Dead             Necr           18%        N/A       26%         4
 Curse of Agony           Necr           18%        N/A       58%         5


Dungeon Overview and Level Annotations

Branches:
Dungeon (3/15)

Altars:
Okawaru

Annotations:
D:2 1 runed translucent door, Crazy Yiuf
D:3 2 runed translucent doors, turdburglar's ghost, amateur DrSh


Innate Abilities, Weirdness & Mutations

You have extremely sharp teeth.
Your natural rate of healing is unusually fast.
When hurt, damage is shared between your health and your magic reserves.
Your bite disrupts and absorbs the magic of your enemies.
Potions cannot restore your health.


Message History

You hit the orc priest but do no damage.
The orc priest is heavily wounded.
The orc priest barely misses you.
You hit the orc priest. Your bite misses the orc priest.
The orc priest is severely wounded.
You barely miss the orc priest. Your bite misses the orc priest.
The orc priest is severely wounded.
The orc priest hits you with a +2 heavy hand axe.
* * * LOW HITPOINT WARNING * * *
You hit the orc priest.
The orc priest is almost dead.
You closely miss the orc. Your bite misses the orc. You hit the orc.
The orc is lightly wounded.
The orc hits you with a +0 club.
* * * LOW HITPOINT WARNING * * *
You closely miss the orc.
The orc is lightly wounded.
The orc hits you with a +0 club.
* * * LOW HITPOINT WARNING * * *
You closely miss the orc.
The orc is lightly wounded.
The orc hits you but does no damage.
You hit the orc but do no damage.
The orc is lightly wounded.
The orc hits you with a +0 club.
* * * LOW HITPOINT WARNING * * *
The orc wizard mumbles some strange words.
The orc wizard flickers and vanishes!
Deactivating autopickup; reactivate with Ctrl-A.
You hit the orc. Your punch misses the orc. You bite the orc.
You drain its power.
You feel invigorated.
The orc is almost dead.
The orc barely misses you.
You hit the orc.
You kill the orc!
The orc priest calls down the wrath of Beogh upon you.
Beogh smites you!
Ouch! That really hurt!
You die...

.## #....# .# #....#
.#####.### ###.....# #
#.....# # #.....#
###.....# #
......<.##########.#.#
................@o...#
......############o###
####### .. # ... # #.#
#


You could see an orc priest and an orc.

Vanquished Creatures
  A dart slug (D:3)
  2 ribbon worms
  An orc (D:3)
  2 endoplasms
  4 goblins
  2 hobgoblins
  2 jackals (D:1)
  2 quokkas
  6 ball pythons
  7 frilled lizards
  3 kobolds (D:2)
  3 rats
35 creatures vanquished.

Notes
Turn   | Place    | Note
-------+----------+-------------------------------------------
     0 | D:1      | stipulation the Vine Stalker Necromancer began the quest
                  | for the Orb.
     0 | D:1      | Reached XP level 1. HP: 9/9 MP: 4/4
   141 | D:1      | Reached XP level 2. HP: 13/13 MP: 1/6
   210 | D:1      | You fall into a shaft and drop 1 floor!
   896 | D:2      | Found an iron altar of Okawaru.
  1706 | D:2      | Found a runed translucent door.
  1707 | D:2      | Noticed Crazy Yiuf
  1988 | D:2      | Reached XP level 3. HP: 16/16 MP: 8/8
  2765 | D:3      | Found a large runed translucent door.
  2765 | D:3      | Found a large runed translucent door.
  2766 | D:3      | Noticed turdburglar's ghost (amateur DrSh)
  2874 | D:3      | Killed from afar by an orc priest

Illustrated notes

Levels and vault maps discovered:
D:1:      sevenhm_arrival_forest_fort_large_2, layout_basic
D:2:      layout_basic, basic_altar, dreamdust_mushroom_princess,
          minmay_misc_feat_x, supply_closet_lemuel, uniq_crazy_yiuf_cottage
D:3:      layout_basic, ebering_ghost_disaster_area, amcnicky_mini_pool_small

Skill      XL: |  1  2  3 |
---------------+----------+-----
Spellcasting   | 3 |  3.1
Dodging        | |  1.5
Stealth        | |  2.4
Necromancy     | |  4.6

Action                     || total
---------------------------++-------
  Melee: Unarmed           ||    19
         Bite              ||    25
         Dagger            ||    81
         Punch             ||     1
   Cast: Necrotise         ||    31
    Use: Potion            ||     1
   Stab: Sleeping          ||     4
 Armour: Robe              ||    54
  Dodge: Dodged            ||    52
